Map: Backwater LE

Players

AfterSeven

  • Race: Protoss Protoss
  • League: Diamond
  • Spawn Location: 11:00

LaFantome - Winner!

  • Race: Zerg Zerg
  • League: Diamond
  • Spawn Location: 5:00

VOD

Have the link to the VOD?

Description

Time

  • Played on: Feb. 24, 2018, 1:04 p.m.
  • Length: 18:48
Show
View Real Time Build Order
Export as new Build Order

AfterSeven Protoss 

Build Orders:  

Get SALT Encoding   

  12  0:01  Probe (Chrono Boost)  
  13  0:10  Probe (Chrono Boost)  
  14  0:17  Pylon  
  14  0:22  Probe  
  15  0:35  Probe  
  16  0:48  Probe  
  16  0:49  Forge  
  17  1:00  Probe  
  18  1:05  Pylon  
  18  1:12  Probe (Chrono Boost)  
  19  1:23  Probe (Chrono Boost)  
  19  1:24  Photon Cannon  
  20  1:28  Probe (Chrono Boost)  
  20  1:31  Photon Cannon  
  21  1:38  Probe  
  22  1:50  Probe  
  23  1:58  Nexus  
  23  2:01  Pylon  
  23  2:03  Probe (Chrono Boost)  
  24  2:14  Probe (Chrono Boost)  
  25  2:20  Gateway  
  25  2:25  Photon Cannon  
  25  2:27  Gateway  
  25  2:28  Probe  
  26  2:35  Pylon  
  26  2:40  Probe  
  26  2:41  Assimilator  
  27  2:53  Assimilator, Probe  
  28  2:59  Photon Cannon  
  28  3:05  Probe  
  29  3:08  Cybernetics Core  
  29  3:14  Photon Cannon  
  29  3:17  Zealot (Chrono Boost)  
  31  3:25  Probe  
  31  3:26  Probe  
  32  3:35  Pylon  
  32  3:38  Probe  
  33  3:41  Probe  
  33  3:44  Photon Cannon  
  34  3:50  Probe  
  34  3:53  Probe  
  34  3:54  Sentry  
  38  3:56  Adept  
  40  4:02  Pylon  
  40  4:03  Warp Gate (Chrono Boost)  
  40  4:04  Probe  
  40  4:08  Probe  
  42  4:16  Probe  
  43  4:20  Probe  
  43  4:21  Photon Cannon  
  44  4:26  Shield Battery  
  44  4:28  Probe  
  44  4:31  Sentry  
  47  4:32  Adept  
  47  4:33  Probe  
  50  4:39  Assimilator  
  50  4:47  Robotics Facility  
  50  4:49  Pylon  
  50  4:51  Probe x2  
  52  5:05  Probe (Chrono Boost)  
  54  5:08  Assimilator  
  54  5:09  Adept x2 (Chrono Boost), Probe (Chrono Boost)  
  59  5:14  Probe (Chrono Boost)  
  59  5:17  Probe (Chrono Boost)  
  59  5:19  Probe (Chrono Boost)  
  61  5:22  Gateway  
  61  5:23  Gateway  
  61  5:29  Gateway  
  61  5:31  Sentry  
  61  5:32  Sentry  
  61  5:35  Protoss Ground Armor Level 1 (Chrono Boost), Immortal  
  69  5:51  Gateway  
  69  5:52  Gateway  
  69  5:58  Gateway  
  69  6:00  Probe  
  70  6:09  Pylon x2  
  70  6:12  Pylon  
  70  6:13  Pylon  
  70  6:19  Pylon  
  70  6:27  Immortal (Chrono Boost), Probe  
  70  6:29  Pylon x2  
  70  6:31  Pylon  
  75  6:32  Pylon  
  75  6:34  Sentry  
  75  6:36  Sentry  
  75  6:37  Sentry  
  81  6:42  Sentry x2  
  85  6:51  Adept  
  85  6:54  Zealot  
  89  6:56  Sentry  
  89  6:59  Warp Prism (Chrono Boost)  
  93  7:13  Probe  
  94  7:16  Adept x3  
  94  7:17  Adept x2  
  94  7:21  Protoss Ground Weapons Level 1 (Chrono Boost)  
  84  8:02  Adept x4  
  84  8:03  Zealot  
  90  8:08  Sentry x3  
  80  8:28  Adept x4  
  66  8:49  Adept x4  
  66  8:50  Adept x3  
  80  8:59  Probe x2  
  48  9:42  Probe x2  
  48  9:43  Immortal (Chrono Boost)  
  50  9:47  Robotics Bay  
  50  9:49  Sentry x2  
  50  9:50  Sentry  
  56  9:54  Probe x2  
  56  9:57  Nexus  
  58  10:00  Pylon  
  58  10:03  Pylon  
  58  10:04  Twilight Council  
  58  10:06  Probe x2  
  58  10:07  Pylon x2  
  60  10:12  Adept x3  
  66  10:14  Adept  
  66  10:18  Probe  
  69  10:22  Observer (Chrono Boost)  
  69  10:28  Photon Cannon  
  70  10:31  Photon Cannon  
  70  10:34  Warp Prism, Probe x2  
  72  10:35  Shield Battery  
  72  10:40  Shield Battery  
  72  10:41  Shield Battery  
  62  10:46  Probe (Chrono Boost)  
  60  10:53  Extended Thermal Lance (Chrono Boost)  
  60  10:54  Probe (Chrono Boost)  
  60  10:55  Charge (Chrono Boost)  
  61  10:58  Probe (Chrono Boost)  
  61  11:03  Probe x2 (Chrono Boost)  
  63  11:07  Templar Archives  
  63  11:09  Pylon  
  63  11:13  Probe (Chrono Boost)  
  63  11:14  Probe (Chrono Boost)  
  66  11:19  Probe (Chrono Boost)  
  66  11:25  Assimilator  
  67  11:26  Colossus (Chrono Boost), Probe (Chrono Boost)  
  67  11:28  Assimilator  
  67  11:30  Probe (Chrono Boost)  
  68  11:37  Probe x2  
  70  11:41  Probe  
  70  11:51  Probe  
  71  11:57  Colossus (Chrono Boost)  
  77  12:07  High Templar x2  
  77  12:08  High Templar x2  
  85  12:11  Zealot x2  
  85  12:12  Zealot x2  
  85  12:14  Archon x2  
  93  12:25  Probe  
  93  12:26  Probe x2  
  93  12:28  Observer Gravitic Boosters  
  96  12:32  Dark Shrine  
  96  12:38  Probe x3  
  99  12:50  Probe x3  
  102  12:51  Nexus  
  102  13:02  Probe  
  100  13:15  Probe x3  
  100  13:17  Colossus  
  109  13:27  Probe x3  
  109  13:32  Pylon  
  112  13:35  Pylon  
  112  13:38  High Templar x4  
  112  13:39  Probe  
  112  13:40  Zealot  
  123  13:43  Protoss Ground Weapons Level 2 (Chrono Boost)  
  123  13:56  Zealot  
  123  13:58  Assimilator  
  123  13:59  Psionic Storm  
  123  14:01  Assimilator  
  125  14:13  Zealot x2  
  125  14:14  High Templar  
  131  14:19  High Templar  
  131  14:21  Zealot x3  
  131  14:22  Zealot  
  141  14:37  Nexus  
  141  14:39  Pylon  
  141  14:45  Probe x3 (Chrono Boost)  
  136  14:46  Probe (Chrono Boost)  
  127  14:58  Probe (Chrono Boost)  
  131  15:02  Gateway, Probe x2 (Chrono Boost)  
  131  15:03  Probe (Chrono Boost)  
  131  15:04  Gateway  
  131  15:05  Photon Cannon  
  131  15:08  Pylon  
  131  15:09  Probe (Chrono Boost)  
  132  15:26  Zealot x5  
  132  15:27  Zealot  
  132  15:28  High Templar  
  140  15:49  Archon  
  103  15:50  Archon  
  91  16:02  High Templar x2  
  91  16:03  Zealot x3  
  101  16:04  High Templar x2  
  101  16:05  High Templar  
  101  16:06  Colossus  
  101  16:10  Robotics Facility  
  109  16:16  Pylon  
  101  16:19  Pylon  
  99  16:39  Forge  
  99  16:41  High Templar x2, Stargate  
  99  16:42  High Templar x2, Assimilator  
  99  16:44  High Templar, Pylon, Assimilator  
  99  16:45  High Templar  
  99  16:46  Pylon, Archon x2  
  111  16:48  High Templar, Pylon  
  111  16:49  High Templar  
  115  16:57  High Templar x2, Archon  
  119  17:01  Archon  
  119  17:04  Observer  
  119  17:06  Archon, Colossus  
  126  17:13  Probe  
  126  17:14  Probe x3  
  130  17:25  Zealot x2  
  130  17:26  Probe x3  
  137  17:39  Fleet Beacon  
  137  17:41  Probe  
  137  17:42  Probe  
  139  17:47  Pylon, Observer  
  140  17:56  Zealot x3  
  140  17:57  High Templar x2  
  140  17:58  High Templar x2  
  142  18:06  Archon x2  
  122  18:20  Stalker x2  
  122  18:21  Stalker x4  
Show
View Real Time Build Order
Export as new Build Order

LaFantome Zerg - Winner!

Build Orders: Hatch First 

Get SALT Encoding   

  12  0:01  Drone  
  13  0:13  Overlord  
  13  0:18  Drone  
  14  0:31  Drone x2  
  16  0:49  Hatchery  
  15  0:52  Drone  
  15  0:56  Drone  
  17  0:59  Drone  
  18  1:09  Extractor  
  17  1:16  Spawning Pool  
  16  1:19  Drone  
  16  1:21  Drone  
  18  1:28  Drone  
  19  1:39  Drone  
  20  1:51  Hatchery  
  20  2:03  Hatchery  
  20  2:05  Zergling x4  
  21  2:20  Overlord  
  21  2:35  Drone  
  22  2:37  Queen  
  22  2:42  Metabolic Boost  
  24  3:04  Drone x3  
  27  3:08  Zergling x2  
  27  3:11  Queen  
  30  3:15  Queen  
  31  3:34  Zergling x4  
  31  3:35  Zergling x8  
  35  3:51  Drone  
  35  3:52  Drone x5  
  35  3:54  Overlord x2  
  39  4:12  Drone  
  39  4:13  Drone x5  
  45  4:27  Drone x5  
  45  4:28  Drone  
  45  4:31  Spore Crawler  
  50  4:32  Spore Crawler  
  50  4:34  Spore Crawler  
  48  4:39  Drone x3  
  48  5:00  Hatchery  
  48  5:04  Queen  
  48  5:05  Queen x2, Baneling Nest  
  52  5:07  Drone x2, Extractor  
  52  5:08  Drone, Zergling x2  
  52  5:09  Zergling x2  
  52  5:11  Overlord  
  56  5:26  Zergling x2  
  56  5:27  Zergling x2  
  58  5:30  Zergling x2  
  58  5:31  Zergling x16, Evolution Chamber  
  66  5:41  Lair  
  66  6:01  Extractor x2  
  66  6:03  Drone, Zerg Melee Weapons Level 1  
  66  6:04  Drone  
  66  6:05  Overlord x4  
  66  6:22  Overlord  
  66  6:23  Overlord  
  66  6:24  Overlord  
  66  6:25  Overlord  
  66  6:39  Centrifical Hooks  
  66  6:40  Baneling Nest  
  66  6:41  Hydralisk Den  
  65  6:51  Baneling x4  
  65  6:52  Baneling x2  
  61  7:15  Zergling x2  
  61  7:16  Zergling x40  
  61  7:17  Zergling x14  
  88  7:23  Baneling  
  88  7:24  Baneling x5  
  88  7:31  Zergling x2  
  88  7:32  Zergling x6  
  89  7:37  Baneling  
  89  7:38  Baneling x7  
  74  7:54  Zergling x2  
  74  7:55  Zergling x14  
  73  8:03  Zergling x2  
  73  8:04  Zergling x6  
  74  8:09  Zergling x2  
  75  8:13  Baneling  
  63  8:34  Zergling x18  
  59  8:51  Baneling  
  59  8:52  Baneling x4  
  59  9:01  Drone x6  
  65  9:03  Extractor  
  65  9:05  Extractor  
  54  9:21  Zergling x12  
  50  9:41  Drone  
  50  9:42  Drone x8  
  59  9:58  Grooved Spines  
  59  10:04  Lurker Den  
  58  10:17  Baneling  
  58  10:18  Baneling x7  
  58  10:22  Zergling x24  
  58  10:26  Drone x2  
  58  10:27  Drone x3  
  71  10:50  Zergling x20  
  80  11:02  Drone x5  
  80  11:03  Drone x2  
  87  11:09  Muscular Augments  
  87  11:25  Drone, Hydralisk x7  
  88  11:26  Hydralisk x4  
  110  11:34  Baneling  
  110  11:35  Baneling x3  
  108  12:01  Drone  
  107  12:03  Drone x6  
  107  12:05  Extractor  
  107  12:07  Extractor  
  111  12:44  Hatchery  
  110  12:51  Baneling  
  110  12:52  Hydralisk, Baneling x7  
  110  12:55  Overlord x4  
  108  13:15  Drone x3  
  108  13:16  Drone x3  
  108  13:18  Drone x8  
  122  13:23  Overseer  
  122  13:25  Spine Crawler  
  122  13:26  Spine Crawler  
  120  13:29  Spore Crawler, Spine Crawler x2  
  120  13:32  Spine Crawler  
  120  13:33  Spine Crawler  
  115  13:38  Drone x3  
  118  13:43  Hydralisk, Infestation Pit  
  118  13:44  Hydralisk x3  
  125  13:50  Evolution Chamber  
  124  14:15  Zerg Melee Weapons Level 2  
  124  14:21  Baneling x7  
  124  14:22  Baneling x2  
  124  14:29  Hive  
  124  14:31  Spire  
  119  14:57  Extractor  
  119  14:58  Drone x3  
  121  15:02  Zergling x8  
  121  15:03  Zergling x42  
  121  15:05  Baneling x11  
  121  15:06  Baneling x17  
  146  15:07  Zergling x2  
  146  15:08  Zergling x8  
  150  15:19  Zergling x2  
  104  15:54  Greater Spire  
  99  15:57  Corruptor  
  99  15:58  Corruptor x11  
  99  16:04  Zergling x20  
  124  16:05  Zergling x14  
  132  16:19  Drone x2  
  132  16:20  Drone x5  
  132  16:22  Spore Crawler  
  138  16:25  Spine Crawler x2  
  136  16:40  Adrenal Glands  
  136  16:50  Drone x2  
  136  16:51  Drone x5  
  143  17:02  Hatchery  
  143  17:04  Overlord x2  
  143  17:05  Overlord x3  
  142  17:10  Drone  
  142  17:11  Drone x9  
  152  17:28  Brood Lord x11  
  152  17:29  Brood Lord  
  176  17:32  Hydralisk  
  176  17:34  Extractor  
  177  17:49  Extractor  
  158  18:10  Hydralisk  
  158  18:11  Hydralisk x12  
  183  18:14  Overlord x3  
Tags
 
Add a new tag
Caveats
  • Supply blocks, unpowered buildings, or Contaminate may cause inaccurate times.
  • Supply counts are checked every 10 seconds.